Checkers vs Heat

Created - Friday, May 20, 2016 at 01:38

Goals
1 2 3 OT1 T
Checkers 0 1 0 1 2
Heat 0 1 0 0 1
Shots
1 2 3 OT1 T
Checkers 4 10 8 2 24
Heat 6 10 3 11 30

1st period

No Goal

Penalties :
Eric Boulton (STO) for Fighting (Major) at 2:14, Triston Grant (CHA) for Fighting (Major) at 2:14

2nd period

1. Checkers , Jason Chimera 4 (Andrew Ebbett) at 8:28
2. Heat , Johan Larsson 7 (Andre Burakovsky, Jason Garrison) at 19:45

Penalties :
Tyson Strachan (STO) for Tripping (Minor) at 4:25, Konrad Abeltshauser (STO) for Fighting (Major) at 14:51, Andrew Gordon (CHA) for Fighting (Major) at 14:51

3rd period

No Goal

Penalties :
Jason Chimera (CHA) for Elbowing (Minor) at 2:25, Konrad Abeltshauser (STO) for Hooking (Minor) at 11:28

Overtime #1

3. Checkers , Andrew Ebbett 5 (Jason Chimera) at 7:07

Penalties :
Aaron Ness (CHA) for Tripping (Minor) at 2:34

Goalie Stats

John Muse (CHA), 29 saves from 30 shots - (0.967), W, 2-0-0, 67:07 minutes
Michael Leighton (STO), 12 saves from 13 shots - (0.923), OTL, 9-3-1, 31:54 minutes
Andrei Vasilevskiy (STO), 10 saves from 11 shots - (0.909), 35:13 minutes

Players Stats for Checkers

Player Name              G  A  P  +/- PIM S  H  SB GA TA FO     MP     PP MP  PK MP  
------------------------------------------------------------------------------------
Aaron Ness               0  0  0   1  2   1  1  3  0  1  0/0    19:18   0:00   0:29 
Adam Cracknell           0  0  0  -1  0   1  1  0  4  1  0/0    18:12   1:39   0:00 
Alexey Marchenko         0  0  0   0  0   2  3  2  2  0  0/0    23:53   2:08   2:18 
Andrew Ebbett            1  1  2   2  0   3  1  0  2  3  3/9    18:29   2:19   0:00 
Andrew Gordon            0  0  0   2  5   0  3  0  0  0  0/0    16:23   2:19   0:00 
Ben Chiarot              0  0  0   0  0   0  2  3  1  2  0/0    22:42   1:50   0:00 
Brandon Mashinter        0  0  0   0  0   0  1  0  1  0  1/1    14:29   0:00   0:00 
Jason Chimera            1  1  2   2  2   3  1  0  5  1  0/0    18:59   2:19   0:00 
Jim O'Brien              0  0  0  -1  0   4  1  2  3  0  6/15   18:12   1:39   0:00 
Julien Brouillette       0  0  0   1  0   2  0  1  0  1  0/0    20:30   0:00   1:40 
Mark Zengerle            0  0  0   0  0   0  1  1  0  0  5/9    16:25   0:00   1:56 
Peter Harrold            0  0  0   0  0   4  2  1  1  2  0/0    25:23   2:08   3:29 
Petteri Lindbohm         0  0  0   0  0   1  2  1  1  1  0/0    22:42   1:50   0:00 
Sean Backman             0  0  0  -1  0   0  2  1  0  0  0/1    18:54   1:39   0:00 
Tomas Vincour            0  0  0   0  0   2  1  1  2  1  0/1    17:06   0:00   1:56 
Triston Grant            0  0  0   0  5   1  1  0  0  1  0/0    11:48   0:00   0:00 
Wacey Hamilton           0  0  0   0  0   0  2  0  0  0  3/9    13:59   0:00   2:02 
Willie Coetzee           0  0  0   0  0   0  2  0  0  1  1/1    13:59   0:00   2:02 

Players Stats for Heat

Player Name              G  A  P  +/- PIM S  H  SB GA TA FO     MP     PP MP  PK MP  
------------------------------------------------------------------------------------
Andre Burakovsky         0  1  1  -1  0   4  1  0  1  0  0/0    19:27   2:17   0:00 
Brooks Laich             0  0  0   0  0   1  4  0  3  2  0/0    17:24   2:17   0:00 
Corey Potter             0  0  0  -2  0   0  3  0  0  0  0/0    21:26   2:30   1:43 
Eric Boulton             0  0  0   0  5   1  0  1  0  0  0/0     6:37   0:00   0:00 
Jason Garrison           0  1  1   1  0   2  1  3  0  2  0/0    29:24   2:30   2:02 
Johan Larsson            1  0  1  -1  0   4  0  0  2  1  9/16   19:05   2:17   0:00 
Keith Ballard            0  0  0   0  0   2  3  1  0  3  0/0    25:57   1:28   1:56 
Konrad Abeltshauser      0  0  0  -2  7   0  3  2  0  3  0/0    17:40   0:00   1:09 
Lucas Lessio             0  0  0   0  0   1  1  0  6  1  1/1    15:35   0:00   0:08 
Matt Ellis               0  0  0   0  0   1  1  1  0  1  4/6    15:44   1:41   0:00 
Max Reinhart             0  0  0   0  0   0  3  1  0  1  9/12   17:34   0:00   2:04 
Michael Ferland          0  0  0   0  0   0  1  1  0  1  0/0    14:42   0:00   1:54 
Michael Ryder            0  0  0   0  0   4  2  0  5  1  0/0    21:00   0:00   1:56 
Seth Griffith            0  0  0   0  0   3  0  0  5  1  0/1    15:44   1:41   0:00 
Stephane Veilleux        0  0  0  -1  0   2  1  1  1  1  0/1    18:48   1:41   0:00 
Tyler Pitlick            0  0  0   0  0   4  1  0  2  0  4/9    14:42   0:00   1:54 
Tyler Wotherspoon        0  0  0   0  0   0  2  0  0  1  0/0    16:54   0:00   0:00 
Tyson Strachan           0  0  0   1  2   1  3  5  0  0  0/0    23:40   1:28   1:06 

3 Stars

1 - Andrew Ebbett (CHA)
2 - John Muse (CHA)
3 - Jason Chimera (CHA)

Power Play

Checkers - 0 on 2 Attempt(s) - 0.00%
Heat - 0 on 2 Attempt(s) - 0.00%

Penalty Kill

Checkers - 2 on 2 Attempt(s) - 100.00% - Score 0 goal in Penalty Kill
Heat - 2 on 2 Attempt(s) - 100.00% - Score 0 goal in Penalty Kill

Team Stat

Checkers - Hits : 27 - Faceoff Wins : 19 - Blocked Shots : 16 - Penalty Minutes : 14
Heat - Hits : 30 - Faceoff Wins : 27 - Blocked Shots : 16 - Penalty Minutes : 14

Official

Referees : Unknown
Linesman : Unknown

Game Notes

Eric Boulton and Triston Grant fight to a draw at 2:14 of 1st period
Konrad Abeltshauser and Andrew Gordon fight to a draw at 14:51 of 2nd period
Andrei Vasilevskiy is injured at 15:13 of 2nd period (Separated Right Shoulder)
Michael Leighton enters game at 15:13 of 2nd period
Eric Boulton is injured at 17:08 of 2nd period (Right Hand)

Finance

Level 1 -- Attendance: 2000 (100.00%) -- Ticket Income $60,000
Level 2 -- Attendance: 1000 (100.00%) -- Ticket Income $10,000
Total Attendance: 3000 (100.00%)
Total Ticket Income: $70,000
Other Income: $34,300
Total Income: $104,300

Checkers

5 vs 5 Forward 
   Center                   Left Wing                Right Wing               Time % Phy DF OF 
 1 Andrew Ebbett            Jason Chimera            Andrew Gordon            28     1   1  3  
 2 Jim O'Brien              Adam Cracknell           Sean Backman             27     1   2  2  
 3 Mark Zengerle            Brandon Mashinter        Tomas Vincour            25     1   2  2  
 4 Wacey Hamilton           Triston Grant            Willie Coetzee           20     1   2  2  

5 vs 5 Defense 
   Defense                  Defense                                           Time % Phy DF OF 
 1 Peter Harrold            Alexey Marchenko                                  35     1   2  2  
 2 Petteri Lindbohm         Ben Chiarot                                       35     1   2  2  
 3 Aaron Ness               Julien Brouillette                                30     1   2  2  
 4 Peter Harrold            Alexey Marchenko                                  0      1   2  2  

PowerPlay Forward 
   Center                   Left Wing                Right Wing               Time % Phy DF OF 
 1 Andrew Ebbett            Jason Chimera            Andrew Gordon            50     0   1  4  
 2 Jim O'Brien              Adam Cracknell           Sean Backman             50     0   1  4  

PowerPlay Defense
   Defense                  Defense                                           Time % Phy DF OF 
 1 Peter Harrold            Alexey Marchenko                                  50     0   1  4  
 2 Ben Chiarot              Petteri Lindbohm                                  50     0   1  4  

Penalty Kill 4 Players Forward 
   Center                   Wing                     Time % Phy DF OF 
 1 Wacey Hamilton           Willie Coetzee           50     0   4  1  
 2 Mark Zengerle            Tomas Vincour            50     0   4  1  

Penalty Kill 4 Players Defense
   Defense                  Defense                  Time % Phy DF OF 
 1 Aaron Ness               Julien Brouillette       50     0   4  1  
 2 Peter Harrold            Alexey Marchenko         50     0   4  1  

Penalty Kill - 3 Players Forward 
   Forward                                           Time % Phy DF OF 
 1 Wacey Hamilton                                    50     0   5  0  
 2 Mark Zengerle                                     50     0   5  0  

Penalty Kill - 3 Players Defense
   Defense                  Defense                  Time % Phy DF OF 
 1 Ben Chiarot              Peter Harrold            50     0   5  0  
 2 Alexey Marchenko         Petteri Lindbohm         50     0   5  0  

4 vs 4 Forward 
   Center                   Wing                     Time % Phy DF OF 
 1 Andrew Ebbett            Jason Chimera            50     1   1  3  
 2 Jim O'Brien              Adam Cracknell           50     1   2  2  

4 vs 4 Defense
   Defense                  Defense                  Time % Phy DF OF 
 1 Peter Harrold            Alexey Marchenko         50     1   2  2  
 2 Ben Chiarot              Petteri Lindbohm         50     1   2  2  

Last Minutes Offensive
   Center                   Left Wing                Right Wing               Defense                  Defense                  
   Andrew Ebbett            Jason Chimera            Adam Cracknell           Ben Chiarot              Peter Harrold            

Last Minutes Defensive
   Center                   Left Wing                Right Wing               Defense                  Defense                  
   Andrew Ebbett            Jason Chimera            Adam Cracknell           Ben Chiarot              Peter Harrold            

Goaltenders
Starting : John Muse                
Backup : Drew MacIntyre           

Extra Forwards
Normal : Triston Grant, Sean Backman, Tomas Vincour - PP : Triston Grant, Sean Backman - PK : Tomas Vincour
Extra Defensemen
Normal : Aaron Ness, Peter Harrold, Julien Brouillette - PP : Aaron Ness - PK : Peter Harrold, Julien Brouillette
Penalty Shots
Jason Chimera, Andrew Ebbett, Adam Cracknell, Andrew Gordon, Jim O'Brien

Heat

5 vs 5 Forward 
   Center                   Left Wing                Right Wing               Time % Phy DF OF 
 1 Johan Larsson            Stephane Veilleux        Andre Burakovsky         28     0   1  4  
 2 Matt Ellis               Brooks Laich             Seth Griffith            25     0   1  4  
 3 Max Reinhart             Lucas Lessio             Michael Ryder            25     0   1  4  
 4 Tyler Pitlick            Michael Ferland          Eric Boulton             22     1   2  2  

5 vs 5 Defense 
   Defense                  Defense                                           Time % Phy DF OF 
 1 Jason Garrison           Tyson Strachan                                    35     1   2  2  
 2 Keith Ballard            Tyler Wotherspoon                                 30     1   2  2  
 3 Konrad Abeltshauser      Corey Potter                                      25     1   2  2  
 4 Jason Garrison           Keith Ballard                                     10     1   2  2  

PowerPlay Forward 
   Center                   Left Wing                Right Wing               Time % Phy DF OF 
 1 Johan Larsson            Brooks Laich             Andre Burakovsky         50     0   0  5  
 2 Matt Ellis               Stephane Veilleux        Seth Griffith            50     0   0  5  

PowerPlay Defense
   Defense                  Defense                                           Time % Phy DF OF 
 1 Jason Garrison           Corey Potter                                      50     0   0  5  
 2 Keith Ballard            Tyson Strachan                                    50     0   0  5  

Penalty Kill 4 Players Forward 
   Center                   Wing                     Time % Phy DF OF 
 1 Tyler Pitlick            Michael Ferland          50     0   5  0  
 2 Max Reinhart             Michael Ryder            50     0   5  0  

Penalty Kill 4 Players Defense
   Defense                  Defense                  Time % Phy DF OF 
 1 Keith Ballard            Tyson Strachan           50     0   5  0  
 2 Jason Garrison           Konrad Abeltshauser      50     0   5  0  

Penalty Kill - 3 Players Forward 
   Forward                                           Time % Phy DF OF 
 1 Tyler Pitlick                                     50     0   5  0  
 2 Max Reinhart                                      50     0   5  0  

Penalty Kill - 3 Players Defense
   Defense                  Defense                  Time % Phy DF OF 
 1 Jason Garrison           Keith Ballard            50     0   5  0  
 2 Konrad Abeltshauser      Tyson Strachan           50     0   5  0  

4 vs 4 Forward 
   Center                   Wing                     Time % Phy DF OF 
 1 Matt Ellis               Andre Burakovsky         50     1   2  2  
 2 Johan Larsson            Seth Griffith            50     1   2  2  

4 vs 4 Defense
   Defense                  Defense                  Time % Phy DF OF 
 1 Jason Garrison           Corey Potter             50     1   2  2  
 2 Keith Ballard            Tyson Strachan           50     1   2  2  

Last Minutes Offensive
   Center                   Left Wing                Right Wing               Defense                  Defense                  
   Johan Larsson            Lucas Lessio             Andre Burakovsky         Jason Garrison           Keith Ballard            

Last Minutes Defensive
   Center                   Left Wing                Right Wing               Defense                  Defense                  
   Matt Ellis               Stephane Veilleux        Brooks Laich             Jason Garrison           Tyson Strachan           

Goaltenders
Starting : Andrei Vasilevskiy       
Backup : Michael Leighton         

Extra Forwards
Normal : Michael Ryder, Michael Ferland, Stephane Veilleux - PP : Michael Ryder, Michael Ferland - PK : Eric Boulton
Extra Defensemen
Normal : Keith Ballard, Corey Potter, Tyler Wotherspoon - PP : Konrad Abeltshauser - PK : Corey Potter, Tyler Wotherspoon
Penalty Shots
Michael Ryder, Lucas Lessio, Brooks Laich, Andre Burakovsky, Johan Larsson

% Time on Ice - Checkers

Lines # - Real PCT - Wanted PCT - Time Play
Normal Forward
1 - 29% - 28% - 17:01
2 - 28% - 27% - 16:33
3 - 25% - 25% - 14:30
4 - 19% - 20% - 11:07
Normal Defense
1 - 33% - 35% - 19:16
2 - 36% - 35% - 21:23
3 - 31% - 30% - 18:32
4 - 0% - 0% - 0:00
PP Forward
1 - 58% - 50% - 2:19
2 - 42% - 50% - 1:39
PP Defense
1 - 54% - 50% - 2:08
2 - 46% - 50% - 1:50
PK Forward
1 - 51% - 50% - 2:02
2 - 49% - 50% - 1:56
PK Defense
1 - 42% - 50% - 1:40
2 - 58% - 50% - 2:18
PK3 Forward
1 - 0% - 50%
2 - 0% - 50%
PK3 Defense
1 - 0% - 50%
2 - 0% - 50%
44 Forward
1 - 0% - 50%
2 - 0% - 50%
44 Defense
1 - 0% - 50%
2 - 0% - 50%
Last Minute Offensive  - 0:00
Last Minute Defensive  - 0:00
Total
Forward - 67:07
Defense - 67:07

% Time on Ice - Heat

Lines # - Real PCT - Wanted PCT - Time Play
Normal Forward
1 - 28% - 28% - 16:48
2 - 25% - 25% - 14:57
3 - 25% - 25% - 14:37
4 - 22% - 22% - 12:49
Normal Defense
1 - 34% - 35% - 20:08
2 - 31% - 30% - 18:07
3 - 29% - 25% - 17:01
4 - 7% - 10% - 3:55
PP Forward
1 - 58% - 50% - 2:17
2 - 42% - 50% - 1:41
PP Defense
1 - 63% - 50% - 2:30
2 - 37% - 50% - 1:28
PK Forward
1 - 48% - 50% - 1:54
2 - 52% - 50% - 2:04
PK Defense
1 - 49% - 50% - 1:56
2 - 51% - 50% - 2:02
PK3 Forward
1 - 0% - 50%
2 - 0% - 50%
PK3 Defense
1 - 0% - 50%
2 - 0% - 50%
44 Forward
1 - 0% - 50%
2 - 0% - 50%
44 Defense
1 - 0% - 50%
2 - 0% - 50%
Last Minute Offensive  - 0:00
Last Minute Defensive  - 0:00
Total
Forward - 67:07
Defense - 67:07

Play by Play

1st period


0:01 of 1st period - Johan Larsson wins face-off versus Andrew Ebbett in neutral zone.
0:56 of 1st period - Brooks Laich is hit by Adam Cracknell and loses puck.
1:07 of 1st period - Snap shot by Seth Griffith.
1:07 of 1st period - Deflect By Matt Ellis.
1:07 of 1st period - Stopped by John Muse with a rebound.
1:34 of 1st period - Off-side.
1:35 of 1st period - Mark Zengerle wins face-off versus Max Reinhart in neutral zone.
1:37 of 1st period - Off-side.
1:38 of 1st period - Max Reinhart wins face-off versus Mark Zengerle in neutral zone.
2:03 of 1st period - Snap shot by Tomas Vincour.
2:03 of 1st period - Stopped by Andrei Vasilevskiy with a rebound.
2:05 of 1st period - Wrist shot by Tomas Vincour.
2:05 of 1st period - Stopped by Andrei Vasilevskiy without a rebound.
2:06 of 1st period - Tyler Pitlick wins face-off versus Wacey Hamilton in Heat zone.
2:14 of 1st period - Eric Boulton and Triston Grant fight to a draw.
2:14 of 1st period - Penalty to Eric Boulton for Fighting.
2:14 of 1st period - Penalty to Triston Grant for Fighting.
2:15 of 1st period - Wacey Hamilton wins face-off versus Tyler Pitlick in neutral zone.
2:28 of 1st period - Wrist shot by Tyler Pitlick.
2:28 of 1st period - Shot Misses the Net.
2:30 of 1st period - Slapshot by Jason Garrison.
2:30 of 1st period - Shot Misses the Net.
2:32 of 1st period - Slapshot by Tyler Pitlick.
2:32 of 1st period - Stopped by John Muse with a rebound.
3:56 of 1st period - Jason Chimera is hit by Andre Burakovsky and loses puck.
4:03 of 1st period - Peter Harrold is hit by Corey Potter and loses puck.
4:44 of 1st period - Snap shot by Michael Ryder.
4:44 of 1st period - Stopped by John Muse without a rebound.
4:45 of 1st period - Jim O'Brien wins face-off versus Tyler Pitlick in Checkers zone.
4:56 of 1st period - Wrist shot by Jim O'Brien.
4:56 of 1st period - Stopped by Andrei Vasilevskiy without a rebound.
4:57 of 1st period - Tyler Pitlick wins face-off versus Jim O'Brien in Heat zone.
5:10 of 1st period - Snap shot by Adam Cracknell.
5:10 of 1st period - Shot Misses the Net.
5:12 of 1st period - Snap shot by Adam Cracknell.
5:12 of 1st period - Shot Blocked by Michael Ferland.
5:14 of 1st period - Snap shot by Adam Cracknell.
5:14 of 1st period - Shot Misses the Net.
5:54 of 1st period - Aaron Ness is hit by Michael Ryder and loses puck.
6:10 of 1st period - Konrad Abeltshauser is hit by Wacey Hamilton and loses puck.
6:54 of 1st period - Ben Chiarot is hit by Konrad Abeltshauser and loses puck.
7:33 of 1st period - Icing by Adam Cracknell.
7:34 of 1st period - Lucas Lessio wins face-off versus Jim O'Brien in Checkers zone.
7:49 of 1st period - Backhand shot by Lucas Lessio.
7:49 of 1st period - Shot Misses the Net.
8:30 of 1st period - Tyler Wotherspoon is hit by Willie Coetzee and loses puck.
9:25 of 1st period - Jason Garrison is hit by Mark Zengerle and loses puck.
9:52 of 1st period - Aaron Ness is hit by Tyson Strachan and loses puck.
10:56 of 1st period - Brooks Laich is hit by Andrew Ebbett and loses puck.
11:20 of 1st period - Snap shot by Lucas Lessio.
11:20 of 1st period - Shot Misses the Net.
11:22 of 1st period - Snap shot by Lucas Lessio.
11:22 of 1st period - Stopped by John Muse with a rebound.
11:28 of 1st period - Wrist shot by Michael Ryder.
11:28 of 1st period - Stopped by John Muse with a rebound.
11:30 of 1st period - Snap shot by Max Reinhart.
11:30 of 1st period - Shot Misses the Net.
12:16 of 1st period - Ben Chiarot is hit by Brooks Laich and loses puck.
12:47 of 1st period - Slapshot by Petteri Lindbohm.
12:47 of 1st period - Stopped by Andrei Vasilevskiy with a rebound.
12:49 of 1st period - Slapshot by Ben Chiarot.
12:49 of 1st period - Shot Blocked by Jason Garrison.
13:49 of 1st period - Snap shot by Adam Cracknell.
13:49 of 1st period - Shot Misses the Net.
14:09 of 1st period - Petteri Lindbohm is hit by Corey Potter and loses puck.
15:06 of 1st period - Tyler Wotherspoon is hit by Andrew Gordon and loses puck.
15:32 of 1st period - Brooks Laich is hit by Sean Backman and loses puck.
16:03 of 1st period - Slapshot by Tyler Pitlick.
16:03 of 1st period - Stopped by John Muse without a rebound.
16:04 of 1st period - Andrew Ebbett wins face-off versus Tyler Pitlick in Checkers zone.
16:15 of 1st period - Aaron Ness is hit by Max Reinhart and loses puck.
17:35 of 1st period - Peter Harrold is hit by Tyler Wotherspoon and loses puck.
18:00 of 1st period - Tomas Vincour is hit by Keith Ballard and loses puck.
18:31 of 1st period - Petteri Lindbohm is hit by Max Reinhart and loses puck.
19:07 of 1st period - Johan Larsson is hit by Ben Chiarot and loses puck.
19:56 of 1st period - Peter Harrold is hit by Tyler Wotherspoon and loses puck.
Goals for this period are 0 for Checkers vs 0 for Heat.
Shots for this period are 4 for Checkers vs 6 for Heat.

2nd period


0:01 of 2nd period - Max Reinhart wins face-off versus Jim O'Brien in neutral zone.
0:34 of 2nd period - Lucas Lessio is hit by Peter Harrold and loses puck.
1:50 of 2nd period - Andrew Ebbett is hit by Jason Garrison and loses puck.
2:13 of 2nd period - Wrist shot by Tyler Pitlick.
2:13 of 2nd period - Shot Misses the Net.
2:33 of 2nd period - Corey Potter is hit by Wacey Hamilton.
2:37 of 2nd period - Tyler Pitlick is hit by Alexey Marchenko and loses puck.
3:05 of 2nd period - Slapshot by Alexey Marchenko.
3:05 of 2nd period - Shot Misses the Net.
3:43 of 2nd period - Snap shot by Lucas Lessio.
3:43 of 2nd period - Shot Blocked by Mark Zengerle.
3:53 of 2nd period - Snap shot by Michael Ryder.
3:53 of 2nd period - Stopped by John Muse with a rebound.
4:05 of 2nd period - Ben Chiarot is hit by Michael Ryder and loses puck.
4:20 of 2nd period - Snap shot by Andrew Ebbett.
4:20 of 2nd period - Stopped by Andrei Vasilevskiy without a rebound.
4:21 of 2nd period - Wacey Hamilton wins face-off versus Stephane Veilleux in Heat zone.
4:22 of 2nd period - Snap shot by Alexey Marchenko.
4:22 of 2nd period - Deflect By Wacey Hamilton.
4:22 of 2nd period - Shot Blocked by Tyson Strachan.
4:22 of 2nd period - Puck is out of play.
4:23 of 2nd period - Johan Larsson wins face-off versus Wacey Hamilton in Heat zone.
4:25 of 2nd period - Minor Penalty to Tyson Strachan for Tripping.
4:26 of 2nd period - Max Reinhart wins face-off versus Andrew Ebbett in Heat zone.
4:30 of 2nd period - Alexey Marchenko is hit by Keith Ballard.
4:52 of 2nd period - Slapshot by Andrew Ebbett.
4:52 of 2nd period - Shot Blocked by Max Reinhart.
4:54 of 2nd period - Wrist shot by Jason Chimera.
4:54 of 2nd period - Shot Misses the Net.
4:56 of 2nd period - Snap shot by Andrew Ebbett.
4:56 of 2nd period - Shot Misses the Net.
5:21 of 2nd period - Jason Garrison is hit by Jim O'Brien and loses puck.
5:30 of 2nd period - Wrist shot by Jim O'Brien.
5:30 of 2nd period - Stopped by Andrei Vasilevskiy with a rebound.
6:18 of 2nd period - Max Reinhart is hit by Sean Backman and loses puck.
6:25 of 2nd period - Penalty to Tyson Strachan is over, Tyson Strachan is back on ice.
6:59 of 2nd period - Snap shot by Aaron Ness.
6:59 of 2nd period - Shot Misses the Net.
7:01 of 2nd period - Slapshot by Julien Brouillette.
7:01 of 2nd period - Stopped by Andrei Vasilevskiy without a rebound.
7:02 of 2nd period - Johan Larsson wins face-off versus Wacey Hamilton in Heat zone.
7:37 of 2nd period - Slapshot by Willie Coetzee.
7:37 of 2nd period - Shot Blocked by Keith Ballard.
8:05 of 2nd period - Julien Brouillette is hit by Matt Ellis and loses puck.
8:24 of 2nd period - Slapshot by Petteri Lindbohm.
8:24 of 2nd period - Shot Blocked by Jason Garrison.
8:26 of 2nd period - Slapshot by Ben Chiarot.
8:26 of 2nd period - Deflect By Andrew Ebbett.
8:26 of 2nd period - Shot Blocked by Jason Garrison.
8:26 of 2nd period - Puck is out of play.
8:27 of 2nd period - Andrew Ebbett wins face-off versus Johan Larsson in Heat zone.
8:28 of 2nd period - Snap shot by Jason Chimera.
8:28 of 2nd period - Goal by Jason Chimera - Checkers : 1 - Heat : 0.
8:29 of 2nd period - Johan Larsson wins face-off versus Jim O'Brien in neutral zone.
8:32 of 2nd period - Alexey Marchenko is hit by Keith Ballard.
10:31 of 2nd period - Lucas Lessio is hit by Tomas Vincour and loses puck.
11:09 of 2nd period - Snap shot by Alexey Marchenko.
11:09 of 2nd period - Stopped by Andrei Vasilevskiy without a rebound.
11:10 of 2nd period - Johan Larsson wins face-off versus Jim O'Brien in Heat zone.
12:01 of 2nd period - Off-side.
12:02 of 2nd period - Tyler Pitlick wins face-off versus Andrew Ebbett in neutral zone.
12:21 of 2nd period - Snap shot by Jason Chimera.
12:21 of 2nd period - Shot Misses the Net.
12:23 of 2nd period - Slapshot by Julien Brouillette.
12:23 of 2nd period - Stopped by Andrei Vasilevskiy without a rebound.
12:24 of 2nd period - Max Reinhart wins face-off versus Mark Zengerle in Heat zone.
13:17 of 2nd period - Brooks Laich is hit by Petteri Lindbohm.
13:23 of 2nd period - Wrist shot by Matt Ellis.
13:23 of 2nd period - Shot Blocked by Petteri Lindbohm.
13:29 of 2nd period - Jason Garrison is hit by Triston Grant and loses puck.
14:14 of 2nd period - Snap shot by Johan Larsson.
14:14 of 2nd period - Stopped by John Muse with a rebound.
14:16 of 2nd period - Wrist shot by Andre Burakovsky.
14:16 of 2nd period - Stopped by John Muse with a rebound.
14:18 of 2nd period - Snap shot by Stephane Veilleux.
14:18 of 2nd period - Stopped by John Muse without a rebound.
14:19 of 2nd period - Jim O'Brien wins face-off versus Tyler Pitlick in Checkers zone.
14:24 of 2nd period - Wrist shot by Michael Ferland.
14:24 of 2nd period - Shot Blocked by Sean Backman.
14:26 of 2nd period - Slapshot by Jason Garrison.
14:26 of 2nd period - Deflect By Aaron Ness.
14:26 of 2nd period - Stopped by John Muse with a rebound.
14:28 of 2nd period - Backhand shot by Tyson Strachan.
14:28 of 2nd period - Shot Misses the Net.
14:36 of 2nd period - Wrist shot by Tyler Pitlick.
14:36 of 2nd period - Shot Blocked by Aaron Ness.
14:38 of 2nd period - Slapshot by Tyson Strachan.
14:38 of 2nd period - Stopped by John Muse with a rebound.
14:40 of 2nd period - Wrist shot by Michael Ferland.
14:40 of 2nd period - Shot Blocked by Jim O'Brien.
14:42 of 2nd period - Snap shot by Eric Boulton.
14:42 of 2nd period - Shot Misses the Net.
14:44 of 2nd period - Snap shot by Eric Boulton.
14:44 of 2nd period - Stopped by John Muse with a rebound.
14:46 of 2nd period - Slapshot by Corey Potter.
14:46 of 2nd period - Shot Blocked by Jim O'Brien.
14:48 of 2nd period - Wrist shot by Michael Ferland.
14:48 of 2nd period - Shot Blocked by Aaron Ness.
14:50 of 2nd period - Wrist shot by Tyler Pitlick.
14:50 of 2nd period - Stopped by John Muse without a rebound.
14:51 of 2nd period - Max Reinhart wins face-off versus Andrew Ebbett in Checkers zone.
14:51 of 2nd period - Konrad Abeltshauser and Andrew Gordon fight to a draw.
14:51 of 2nd period - Penalty to Konrad Abeltshauser for Fighting.
14:51 of 2nd period - Penalty to Andrew Gordon for Fighting.
14:52 of 2nd period - Max Reinhart wins face-off versus Andrew Ebbett in Checkers zone.
15:13 of 2nd period - Wrist shot by Jason Chimera.
15:13 of 2nd period - Stopped by Andrei Vasilevskiy with a rebound.
15:13 of 2nd period - Andrei Vasilevskiy from Heat is injured at 15:13 of 2nd period (Separated Right Shoulder).
15:13 of 2nd period - Michael Leighton enters game.
15:14 of 2nd period - Johan Larsson wins face-off versus Jim O'Brien in Heat zone.
15:27 of 2nd period - Wrist shot by Johan Larsson.
15:27 of 2nd period - Shot Misses the Net.
16:26 of 2nd period - Michael Ryder is hit by Peter Harrold and loses puck.
17:00 of 2nd period - Snap shot by Seth Griffith.
17:00 of 2nd period - Stopped by John Muse without a rebound.
17:01 of 2nd period - Mark Zengerle wins face-off versus Tyler Pitlick in Checkers zone.
17:06 of 2nd period - Slapshot by Aaron Ness.
17:06 of 2nd period - Stopped by Michael Leighton with a rebound.
17:08 of 2nd period - Slapshot by Julien Brouillette.
17:08 of 2nd period - Shot Blocked by Eric Boulton.
17:08 of 2nd period - Eric Boulton from Heat is injured at 17:08 of 2nd period (Right Hand).
17:09 of 2nd period - Brandon Mashinter wins face-off versus Johan Larsson in Heat zone.
17:34 of 2nd period - Slapshot by Tomas Vincour.
17:34 of 2nd period - Shot Blocked by Tyson Strachan.
18:05 of 2nd period - Max Reinhart is hit by Jason Chimera and loses puck.
18:16 of 2nd period - Snap shot by Jason Chimera.
18:16 of 2nd period - Deflect By Andrew Ebbett.
18:16 of 2nd period - Shot Misses the Net.
18:16 of 2nd period - Puck is out of play.
18:17 of 2nd period - Matt Ellis wins face-off versus Jim O'Brien in Heat zone.
18:17 of 2nd period - Matt Ellis is hit by Alexey Marchenko.
18:33 of 2nd period - Slapshot by Alexey Marchenko.
18:33 of 2nd period - Shot Misses the Net.
18:35 of 2nd period - Slapshot by Alexey Marchenko.
18:35 of 2nd period - Shot Misses the Net.
18:37 of 2nd period - Slapshot by Alexey Marchenko.
18:37 of 2nd period - Shot Misses the Net.
18:39 of 2nd period - Slapshot by Alexey Marchenko.
18:39 of 2nd period - Deflect By Jim O'Brien.
18:39 of 2nd period - Stopped by Michael Leighton with a rebound.
18:41 of 2nd period - Slapshot by Alexey Marchenko.
18:41 of 2nd period - Deflect By Adam Cracknell.
18:41 of 2nd period - Shot Blocked by Matt Ellis.
18:41 of 2nd period - Puck is out of play.
18:42 of 2nd period - Andrew Ebbett wins face-off versus Max Reinhart in Heat zone.
18:43 of 2nd period - Wrist shot by Jason Chimera.
18:43 of 2nd period - Stopped by Michael Leighton with a rebound.
19:17 of 2nd period - Wrist shot by Andrew Ebbett.
19:17 of 2nd period - Deflect By Michael Ryder.
19:17 of 2nd period - Shot Misses the Net.
19:17 of 2nd period - Puck is out of play.
19:18 of 2nd period - Jim O'Brien wins face-off versus Johan Larsson in Heat zone.
19:43 of 2nd period - Wrist shot by Johan Larsson.
19:43 of 2nd period - Shot Misses the Net.
19:45 of 2nd period - Snap shot by Johan Larsson.
19:45 of 2nd period - Goal by Johan Larsson - Checkers : 1 - Heat : 1.
19:46 of 2nd period - Matt Ellis wins face-off versus Tomas Vincour in neutral zone.
19:49 of 2nd period - Wrist shot by Seth Griffith.
19:49 of 2nd period - Shot Blocked by Alexey Marchenko.
Goals for this period are 1 for Checkers vs 1 for Heat.
Shots for this period are 10 for Checkers vs 10 for Heat.

3rd period


0:01 of 3rd period - Wacey Hamilton wins face-off versus Johan Larsson in neutral zone.
0:43 of 3rd period - Icing by Jason Garrison.
0:44 of 3rd period - Jim O'Brien wins face-off versus Johan Larsson in Heat zone.
0:47 of 3rd period - Slapshot by Peter Harrold.
0:47 of 3rd period - Stopped by Michael Leighton without a rebound.
0:48 of 3rd period - Max Reinhart wins face-off versus Sean Backman in Heat zone.
0:57 of 3rd period - Peter Harrold is hit by Lucas Lessio and loses puck.
1:43 of 3rd period - Max Reinhart is hit by Andrew Gordon and loses puck.
2:16 of 3rd period - Snap shot by Brooks Laich.
2:16 of 3rd period - Shot Blocked by Aaron Ness.
2:18 of 3rd period - Slapshot by Jason Garrison.
2:18 of 3rd period - Shot Misses the Net.
2:25 of 3rd period - Minor Penalty to Jason Chimera for Elbowing.
2:26 of 3rd period - Johan Larsson wins face-off versus Wacey Hamilton in Checkers zone.
2:40 of 3rd period - Wrist shot by Johan Larsson.
2:40 of 3rd period - Stopped by John Muse without a rebound.
2:41 of 3rd period - Johan Larsson wins face-off versus Mark Zengerle in Checkers zone.
3:01 of 3rd period - Icing by Brooks Laich.
3:02 of 3rd period - Willie Coetzee wins face-off versus Johan Larsson in Heat zone.
3:09 of 3rd period - Snap shot by Willie Coetzee.
3:09 of 3rd period - Shot Misses the Net.
3:55 of 3rd period - Alexey Marchenko is hit by Stephane Veilleux and loses puck.
4:12 of 3rd period - Alexey Marchenko is hit by Brooks Laich and loses puck.
4:25 of 3rd period - Penalty to Jason Chimera is over, Jason Chimera is back on ice.
5:22 of 3rd period - Snap shot by Jim O'Brien.
5:22 of 3rd period - Shot Misses the Net.
6:10 of 3rd period - Wrist shot by Johan Larsson.
6:10 of 3rd period - Shot Blocked by Ben Chiarot.
6:12 of 3rd period - Wrist shot by Stephane Veilleux.
6:12 of 3rd period - Shot Misses the Net.
6:32 of 3rd period - Snap shot by Michael Ferland.
6:32 of 3rd period - Shot Misses the Net.
8:10 of 3rd period - Peter Harrold is hit by Tyson Strachan and loses puck.
9:08 of 3rd period - Lucas Lessio is hit by Willie Coetzee and loses puck.
9:33 of 3rd period - Slapshot by Tyler Pitlick.
9:33 of 3rd period - Stopped by John Muse with a rebound.
9:41 of 3rd period - Tyler Pitlick is hit by Ben Chiarot and loses puck.
10:44 of 3rd period - Slapshot by Alexey Marchenko.
10:44 of 3rd period - Stopped by Michael Leighton with a rebound.
10:46 of 3rd period - Slapshot by Alexey Marchenko.
10:46 of 3rd period - Shot Blocked by Konrad Abeltshauser.
11:08 of 3rd period - Wrist shot by Lucas Lessio.
11:08 of 3rd period - Shot Misses the Net.
11:10 of 3rd period - Slapshot by Jason Garrison.
11:10 of 3rd period - Deflect By Ben Chiarot.
11:10 of 3rd period - Stopped by John Muse without a rebound.
11:11 of 3rd period - Max Reinhart wins face-off versus Jim O'Brien in Checkers zone.
11:28 of 3rd period - Minor Penalty to Konrad Abeltshauser for Hooking.
11:29 of 3rd period - Max Reinhart wins face-off versus Andrew Ebbett in Heat zone.
11:56 of 3rd period - Keith Ballard is hit by Andrew Gordon.
12:33 of 3rd period - Jim O'Brien is hit by Michael Ferland and loses puck.
13:28 of 3rd period - Penalty to Konrad Abeltshauser is over, Konrad Abeltshauser is back on ice.
13:31 of 3rd period - Andrew Gordon is hit by Max Reinhart and loses puck.
13:38 of 3rd period - Jason Chimera is hit by Konrad Abeltshauser and loses puck.
14:10 of 3rd period - Wrist shot by Johan Larsson.
14:10 of 3rd period - Deflect By Stephane Veilleux.
14:10 of 3rd period - Shot Misses the Net.
14:10 of 3rd period - Puck is out of play.
14:11 of 3rd period - Mark Zengerle wins face-off versus Matt Ellis in Checkers zone.
14:26 of 3rd period - Aaron Ness is hit by Corey Potter.
14:32 of 3rd period - Ben Chiarot is hit by Konrad Abeltshauser and loses puck.
14:56 of 3rd period - Willie Coetzee is hit by Tyson Strachan and loses puck.
15:07 of 3rd period - Johan Larsson is hit by Petteri Lindbohm.
15:11 of 3rd period - Slapshot by Alexey Marchenko.
15:11 of 3rd period - Shot Blocked by Tyson Strachan.
15:13 of 3rd period - Slapshot by Peter Harrold.
15:13 of 3rd period - Stopped by Michael Leighton with a rebound.
15:15 of 3rd period - Wrist shot by Wacey Hamilton.
15:15 of 3rd period - Shot Misses the Net.
15:17 of 3rd period - Slapshot by Triston Grant.
15:17 of 3rd period - Stopped by Michael Leighton with a rebound.
15:19 of 3rd period - Wrist shot by Peter Harrold.
15:19 of 3rd period - Stopped by Michael Leighton with a rebound.
15:23 of 3rd period - Wrist shot by Peter Harrold.
15:23 of 3rd period - Shot Misses the Net.
15:25 of 3rd period - Slapshot by Peter Harrold.
15:25 of 3rd period - Stopped by Michael Leighton with a rebound.
15:33 of 3rd period - Tyson Strachan is hit by Alexey Marchenko and loses puck.
15:50 of 3rd period - Wrist shot by Jim O'Brien.
15:50 of 3rd period - Shot Misses the Net.
15:52 of 3rd period - Slapshot by Aaron Ness.
15:52 of 3rd period - Shot Blocked by Tyson Strachan.
15:54 of 3rd period - Snap shot by Adam Cracknell.
15:54 of 3rd period - Shot Blocked by Stephane Veilleux.
16:04 of 3rd period - Wrist shot by Jim O'Brien.
16:04 of 3rd period - Stopped by Michael Leighton with a rebound.
16:06 of 3rd period - Wrist shot by Adam Cracknell.
16:06 of 3rd period - Stopped by Michael Leighton with a rebound.
17:18 of 3rd period - Keith Ballard is hit by Aaron Ness and loses puck.
18:15 of 3rd period - Ben Chiarot is hit by Brooks Laich and loses puck.
19:05 of 3rd period - Slapshot by Petteri Lindbohm.
19:05 of 3rd period - Shot Blocked by Konrad Abeltshauser.
19:46 of 3rd period - Julien Brouillette is hit by Tyler Pitlick and loses puck.
Goals for this period are 0 for Checkers vs 0 for Heat.
Shots for this period are 8 for Checkers vs 3 for Heat.

Overtime #1


0:01 of 1st overtime period - Mark Zengerle wins face-off versus Matt Ellis in neutral zone.
0:31 of 1st overtime period - Keith Ballard is hit by Brandon Mashinter and loses puck.
0:56 of 1st overtime period - Slapshot by Andrew Ebbett.
0:56 of 1st overtime period - Stopped by Michael Leighton with a rebound.
1:39 of 1st overtime period - Slapshot by Michael Ryder.
1:39 of 1st overtime period - Stopped by John Muse with a rebound.
1:55 of 1st overtime period - Snap shot by Johan Larsson.
1:55 of 1st overtime period - Stopped by John Muse with a rebound.
1:57 of 1st overtime period - Wrist shot by Andre Burakovsky.
1:57 of 1st overtime period - Shot Blocked by Ben Chiarot.
1:59 of 1st overtime period - Slapshot by Stephane Veilleux.
1:59 of 1st overtime period - Stopped by John Muse without a rebound.
2:00 of 1st overtime period - Jim O'Brien wins face-off versus Johan Larsson in Checkers zone.
2:34 of 1st overtime period - Minor Penalty to Aaron Ness for Tripping.
2:35 of 1st overtime period - Matt Ellis wins face-off versus Wacey Hamilton in Checkers zone.
2:38 of 1st overtime period - Snap shot by Seth Griffith.
2:38 of 1st overtime period - Stopped by John Muse with a rebound.
2:42 of 1st overtime period - Snap shot by Seth Griffith.
2:42 of 1st overtime period - Stopped by John Muse without a rebound.
2:43 of 1st overtime period - Matt Ellis wins face-off versus Wacey Hamilton in Checkers zone.
3:00 of 1st overtime period - Slapshot by Seth Griffith.
3:00 of 1st overtime period - Shot Blocked by Alexey Marchenko.
3:02 of 1st overtime period - Slapshot by Keith Ballard.
3:02 of 1st overtime period - Stopped by John Muse with a rebound.
3:04 of 1st overtime period - Slapshot by Keith Ballard.
3:04 of 1st overtime period - Shot Misses the Net.
3:06 of 1st overtime period - Snap shot by Tyson Strachan.
3:06 of 1st overtime period - Shot Blocked by Peter Harrold.
3:22 of 1st overtime period - Slapshot by Andre Burakovsky.
3:22 of 1st overtime period - Stopped by John Muse without a rebound.
3:23 of 1st overtime period - Johan Larsson wins face-off versus Mark Zengerle in Checkers zone.
3:24 of 1st overtime period - Snap shot by Andre Burakovsky.
3:24 of 1st overtime period - Stopped by John Muse with a rebound.
3:32 of 1st overtime period - Snap shot by Andre Burakovsky.
3:32 of 1st overtime period - Shot Misses the Net.
3:34 of 1st overtime period - Slapshot by Jason Garrison.
3:34 of 1st overtime period - Shot Misses the Net.
3:36 of 1st overtime period - Wrist shot by Brooks Laich.
3:36 of 1st overtime period - Stopped by John Muse with a rebound.
3:38 of 1st overtime period - Slapshot by Jason Garrison.
3:38 of 1st overtime period - Shot Blocked by Tomas Vincour.
3:40 of 1st overtime period - Snap shot by Brooks Laich.
3:40 of 1st overtime period - Deflect By Andre Burakovsky.
3:40 of 1st overtime period - Shot Misses the Net.
3:40 of 1st overtime period - Puck is out of play.
3:41 of 1st overtime period - Mark Zengerle wins face-off versus Seth Griffith in Checkers zone.
4:00 of 1st overtime period - Wrist shot by Seth Griffith.
4:00 of 1st overtime period - Shot Misses the Net.
4:02 of 1st overtime period - Wrist shot by Matt Ellis.
4:02 of 1st overtime period - Shot Hit the Post.
4:22 of 1st overtime period - Wrist shot by Brooks Laich.
4:22 of 1st overtime period - Shot Hit the Post.
4:24 of 1st overtime period - Wrist shot by Tyson Strachan.
4:24 of 1st overtime period - Deflect By Andre Burakovsky.
4:24 of 1st overtime period - Stopped by John Muse with a rebound.
4:32 of 1st overtime period - Backhand shot by Andre Burakovsky.
4:32 of 1st overtime period - Shot Misses the Net.
4:34 of 1st overtime period - Penalty to Aaron Ness is over, Aaron Ness is back on ice.
4:34 of 1st overtime period - Snap shot by Brooks Laich.
4:34 of 1st overtime period - Shot Blocked by Julien Brouillette.
4:52 of 1st overtime period - Slapshot by Keith Ballard.
4:52 of 1st overtime period - Deflect By Peter Harrold.
4:52 of 1st overtime period - Stopped by John Muse without a rebound.
4:53 of 1st overtime period - Jim O'Brien wins face-off versus Max Reinhart in Checkers zone.
5:13 of 1st overtime period - Icing by Ben Chiarot.
5:14 of 1st overtime period - Tyler Pitlick wins face-off versus Jim O'Brien in Checkers zone.
5:23 of 1st overtime period - Snap shot by Michael Ryder.
5:23 of 1st overtime period - Shot Blocked by Ben Chiarot.
6:11 of 1st overtime period - Brandon Mashinter is hit by Brooks Laich and loses puck.
6:20 of 1st overtime period - Slapshot by Julien Brouillette.
6:20 of 1st overtime period - Shot Blocked by Tyson Strachan.
7:05 of 1st overtime period - Wrist shot by Andrew Ebbett.
7:05 of 1st overtime period - Shot Misses the Net.
7:07 of 1st overtime period - Wrist shot by Andrew Ebbett.
7:07 of 1st overtime period - Goal by Andrew Ebbett - Checkers : 2 - Heat : 1.
Goals for this period are 1 for Checkers vs 0 for Heat.
Shots for this period are 2 for Checkers vs 11 for Heat.